 Dungeon Crawl Stone Soup version 0.17.2 (webtiles) character file.

1248 ololoev the Cudgeler (level 8, -3/58 HPs)
             Began as a Mummy Chaos Knight on June 30, 2016.
             Slain by a sky beast (6 damage)
             ... on level 6 of the Dungeon.
             The game lasted 00:13:29 (5252 turns).

ololoev the Cudgeler (Mummy Chaos Knight)           Turns: 5252, Time: 00:13:29

Health: -3/58      AC:  7    Str: 16    XL:     8   Next: 26%
Magic:  10/13      EV: 11    Int: 13    God:    Xom [...*..]
Gold:   272        SH:  0    Dex: 11    Spells: 1 memorised, 11 levels left

rFire  . . .     SeeInvis .     a - +1 mace (chaos)
rCold  + . .     Clarity  .     b - +2 leather armour
rNeg   + + +     SustAt   .     (no shield)
rPois  ∞         Gourm    .     (no helmet)
rElec  .         Spirit   .     j - +1 cloak
rCorr  .         Warding  .     (no gloves)
rMut   .         Stasis   .     s - -1 pair of boots (curse)
MR     +....                    (no amulet)
Stlth  +.........               (no ring)
                                m - ring of protection from fire

@: somewhat resistant to hostile enchantments, very unstealthy
A: no food or potions, fire vulnerability, cold resistance 1, negative energy
resistance 3, torment resistance, unbreathing
a: Renounce Religion


Innate Abilities, Weirdness & Mutations

You do not eat or drink.
Your flesh is vulnerable to fire.
You are immune to poison.
Your flesh is cold resistant.
You are immune to negative energy.
You are immune to unholy pain and torment.
You can survive without breathing.

Inventory:

Hand Weapons
 a - a +1 mace of chaos (weapon)
Missiles
 c - 2 throwing nets
 g - 5 javelins (quivered)
 h - 29 poisoned needles
Armour
 b - a +2 leather armour (worn)
 d - a +0 buckler
 j - a +1 cloak (worn)
 s - a cursed -1 pair of boots (worn)
Jewellery
 m - a ring of protection from fire (left hand)
Wands
 f - a wand of confusion (0)
Scrolls
 e - 2 scrolls of enchant weapon
 i - 4 scrolls of identify {unknown}
 k - a scroll of enchant armour
 n - a scroll of immolation {unknown}
 o - 2 scrolls of fear {unknown}
 p - 2 scrolls of amnesia {unknown}
 q - a scroll of teleportation
 r - a scroll of noise {unknown}
 t - a scroll of recharging {unknown}
Books
 l - a book of Death

   Spells                             Type                      Level
   a - Corpse Rot                     Necromancy                   2
   b - Sublimation of Blood           Necromancy                   2
   c - Agony                          Necromancy                   5
   d - Dispel Undead                  Necromancy                   5
   e - Excruciating Wounds            Charms/Necromancy            5
   f - Bolt of Draining               Conjuration/Necromancy       5


   Skills:
 - Level 3.0 Fighting
 * Level 5.5 Maces & Flails
 - Level 0.5 Throwing
 + Level 3.8 Armour
 - Level 0.7 Dodging
 + Level 3.3 Spellcasting
 * Level 5.0 Necromancy


You had 11 spell levels left.
You knew the following spells:

 Your Spells              Type           Power        Failure   Level  Hunger
a - Corpse Rot            Necr           N/A          8%          2    N/A


You were on level 6 of the Dungeon.
You worshipped Xom.
You were a favourite toy of Xom.
You were not hungry.

You visited 1 branch of the dungeon, and saw 6 of its levels.

You collected 272 gold pieces.

##...##
#.....#
#....[#
#.....#
#.....#
#.....#
##.....#
##..{F..#
#...@Z..##
#...##.>...##
.... #####.<#
..# ##..# #
##.# .# ..
... ..##

Notes
Turn   | Place    | Note
--------------------------------------------------------------
     0 | D:1      | ololoev the Mummy Chaos Knight began the quest for the Orb.
     0 | D:1      | Reached XP level 1. HP: 18/18 MP: 1/1
   141 | D:1      | XOM: harmless Fire miscast
   334 | D:1      | Reached XP level 2. HP: 21/24 MP: 2/2
   484 | D:1      | XOM: harmless Erth miscast
   845 | D:2      | XOM: divination: detect creatures
   875 | D:2      | Found an ancient bone altar of Kikubaaqudgha.
  1195 | D:2      | Reached XP level 3. HP: 18/29 MP: 3/3
  1199 | D:2      | Learned a level 2 spell: Corpse Rot
  1373 | D:3      | Noticed Grinder
  1391 | D:3      | XOM: potion effect (agility)
  1400 | D:3      | XOM: enchant monster (bad)
  1657 | D:2      | XOM: noise
  1670 | D:3      | Found a faded altar to an unknown god.
  1702 | D:3      | XOM: summons friendly quasit
  1708 | D:3      | XOM: enchant monster (bad)
  1714 | D:3      | Killed Grinder
  1714 | D:3      | Reached skill level 1 in Spellcasting
  1714 | D:3      | Reached XP level 4. HP: 27/35 MP: 2/6
  1714 | D:3      | Reached XP level 5. HP: 31/41 MP: 2/7
  1804 | D:3      | Noticed Ijyb
  1813 | D:3      | XOM: confuse monster(s)
  1841 | D:3      | Killed Ijyb
  1886 | D:3      | Noticed Natasha
  1892 | D:3      | XOM: confuse monster(s)
  1908 | D:3      | Killed Natasha
  1908 | D:3      | Reached XP level 6. HP: 24/47 MP: 8/8
  1920 | D:3      | Noticed Natasha
  1923 | D:3      | Killed Natasha
  2230 | D:3      | Found a bloodstained altar of Trog.
  2274 | D:3      | Noticed Natasha
  2283 | D:3      | Killed Natasha
  2380 | D:3      | XOM: god gift: 11 arrows of frost
  2481 | D:3      | Reached skill level 4 in Maces & Flails
  2855 | D:4      | Found a staircase to the Ecumenical Temple.
  2879 | D:4      | XOM: 1-stop teleportation journey
  2901 | D:4      | Found an opulent altar of Gozag.
  2937 | D:4      | XOM: summons 6 friendly demons
  3252 | D:4      | Found a radiant altar of Vehumet.
  3389 | D:4      | Reached XP level 7. HP: 47/52 MP: 10/10
  3620 | D:4      | Found a shimmering altar of Xom.
  3748 | D:5      | Entered Level 5 of the Dungeon
  3825 | D:5      | Noticed Duvessa
  3826 | D:5      | Noticed Dowan
  3832 | D:5      | XOM: summons friendly quasit
  3848 | D:5      | Killed Duvessa
  3885 | D:5      | Killed Dowan
  3962 | D:5      | XOM is BORED!
  3962 | D:5      | XOM: mild Summ miscast
  4185 | D:5      | Reached skill level 5 in Maces & Flails
  4238 | D:5      | XOM: mild Trmt miscast
  4462 | D:5      | XOM: confuse monster(s)
  4467 | D:5      | XOM: polymorph iguana -> worker ant
  4604 | D:5      | Found a burning altar of Makhleb.
  4650 | D:5      | XOM: swap monsters
  4697 | D:5      | XOM: 7-stop teleportation journey
  4712 | D:5      | Reached XP level 8. HP: 27/58 MP: 12/12
  4926 | D:5      | XOM: destruction
  4949 | D:5      | XOM: god gift: 15 stones
  4976 | D:5      | Found a blossoming altar of Fedhas.
  4976 | D:5      | Found a glowing golden altar of the Shining One.
  5069 | D:5      | Noticed Menkaure
  5071 | D:5      | XOM: summons 8 friendly demons
  5079 | D:5      | Killed Menkaure
  5235 | D:6      | XOM: confuse monster(s)
  5237 | D:6      | XOM: enchant monster (good)
  5247 | D:6      | Reached skill level 5 in Necromancy
  5252 | D:6      | Slain by a sky beast

Dungeon Overview and Level Annotations

Branches:
Dungeon (6/15)             Temple (0/1) D:4

Altars:
Fedhas
Gozag
Kikubaaqudgha
Makhleb
Trog
Vehumet
Xom
The Shining One


Message History

You are too injured to fight recklessly!
You are too injured to fight recklessly!
You hit the ogre. You burn the ogre.
The ogre is severely wounded.
The giant frog hits you! The giant frog hits you.
The giant frog closely misses you.
You catch the helpless ogre completely off-guard!
You hit the ogre.
The ogre is almost dead.
The sky beast is no longer paralysed.
You kill the ogre!
Your Necromancy skill increases to level 5!
The giant frog hits you.
Press: ? - help, v - describe, . - travel, g - get item A giant club.
There is something else lying underneath.
The floor.
The giant frog barely misses you.
Things that are here:
a giant club; an ogre corpse The giant frog completely misses you.
You closely miss the giant frog.
The giant frog hits you but does no damage.
The giant frog hits you. The adder skeleton misses you.
Casting: Corpse Rot
Confirm with . or Enter, or press ? or * to list all spells.
You sense decay.
The giant frog hits you but does no damage.
The sky beast is engulfed in dark miasma.
The sky beast is poisoned.
The sky beast flickers out of sight!
Deactivating autopickup; reactivate with Ctrl-A.
Something hits you but does no damage. The adder skeleton misses you.
The giant frog hits you.
Unknown command.
Unknown command.
You closely miss the giant frog. Something hits you. Something shocks you.
The giant frog hits you. The adder skeleton bites you. Something hits you.
Something shocks you.
You die...
Xom roars with laughter!

You could see a giant frog and an adder skeleton.

Vanquished Creatures
  Grinder (D:3)
  Duvessa (D:5)
  An ogre (D:6)
  Dowan (D:5)
  A water moccasin skeleton (D:5)
  2 scorpions (D:5)
  A giant frog zombie (D:5)
  An orc wizard (D:5)
  Ijyb (D:3)
  A giant frog skeleton (D:5)
  Natasha (thrice) (D:3)
  2 iguanas
  3 worker ants (D:5)
  A gnoll (D:4)
  6 adders
  A shadow imp (D:5)
  3 worms
  A giant gecko (D:4)
  12 orcs
  A bat zombie (D:1)
  5 giant cockroaches
  3 hobgoblins (D:2)
  2 jackals (D:5)
  6 kobolds
  A quokka (D:5)
  A ball python zombie (D:1)
  4 bats
  5 giant newts
  3 goblins
  7 rats
81 creatures vanquished.

Vanquished Creatures (collateral kills)
  Menkaure (D:5)
  2 ogres (D:4)
  A scorpion (D:4)
  A gnoll shaman (D:4)
  2 orc wizards (D:4)
  A giant frog skeleton (D:4)
  A hound skeleton (D:4)
  4 gnolls (D:4)
  An adder skeleton (D:4)
  3 orcs (D:4)
  A jackal skeleton (D:5)
18 creatures vanquished.

Grand Total: 99 creatures vanquished

Action                   |  1- 3 |  4- 6 |  7- 9 || total
-------------------------+-------+-------+-------++-------
Melee: Mace              |    86 |    89 |   136 ||   311
Throw: Javelin           |    10 |     8 |    10 ||    28
       Throwing net      |     1 |       |     2 ||     3
 Cast: Corpse Rot        |       |     2 |     5 ||     7
Evoke: Wand              |       |       |    12 ||    12
  Use: Scroll            |       |     6 |       ||     6
 Stab: Paralysed         |     1 |     2 |     2 ||     5
       Held in net/web   |     1 |       |       ||     1
       Petrified         |       |     2 |       ||     2
       Confused          |       |       |     2 ||     2

Vault maps used:
D:1:      saegor_arrival_fortress
D:2:      minmay_kobold_bridge, kiku_gazebo_garden_becter, first_bread,
          minmay_strange_pillars
D:3:      marbit_many_paths, ecumenical_altar_1, uniq_grinder, uniq_natasha,
          uniq_iyjb
D:4:      kennysheep_spiral_hall, kennysheep_little_box, lemuel_doored_altar,
          lemuel_round_altar, temple_fountains
D:5:      lemuel_coloured_pillars_altar, gammafunk_temple_overflow_wave,
          uniq_menkaure, uniq_duvessa
D:6:      ashenzari_altar_1, kennysheep_mini_moat, serial_shops,
          nicolae_shop_statue_plus, uniq_eustachio, uniq_pikel
